 Dungeon Crawl Stone Soup version 0.30-a0-1103-g25895a7845 (webtiles) character file.

Game seed: 3094196552036553642

134 PimpSugar the Magician (level 5, 0/38 HPs)
             Began as a Djinni Hedge Wizard on Apr 18, 2023.
             Slain by a goblin
             ... wielding a +0 dagger
             ... led by Robin
              (1 damage)
             ... on level 3 of the Dungeon.
             The game lasted 00:11:57 (2682 turns).

PimpSugar the Magician (Djinni Hedge Wizard)        Turns: 2682, Time: 00:11:58

Health: 0/38       AC:  2    Str:  9    XL:     5   Next: 40%
Gold:   208        EV: 13    Int: 17    God:
                   SH:  0    Dex: 13

rFire   + + +      SeeInvis .    a - +0 dagger (protect)
rCold   . . .      Faith    .    (no shield)
rNeg    . . .      Spirit   .    b - +0 robe
rPois   ∞          Reflect  .    c - +0 hat
rElec   +          Rampage  .    (no cloak)
rCorr   +                        (no gloves)
Will    .....                    (boots unavailable)
Stlth   ++                       (no amulet)
HPRegen 0.26/turn                (no ring)
MPRegen 0.00/turn                (no ring)

@: mighty, resistant, attractive, flying
A: sickness immunity, fire resistance 2, cold vulnerability 1, float, innate
caster, HP casting, extra vitality 1
a: no special abilities


You were on level 3 of the Dungeon.
You visited 1 branch of the dungeon, and saw 3 of its levels.

You collected 208 gold pieces.

Inventory:

Hand Weapons
 a - a +0 dagger of protection (weapon)
 h - a +0 short sword
Missiles
 e - 17 stones
 g - 3 poisoned darts
Armour
 b - a +0 robe (worn)
 c - a +0 hat (worn)
Jewellery
 f - a ring of ice
Scrolls
 d - a scroll of brand weapon
 j - a scroll of teleportation {unknown}
 m - 2 scrolls of identify {unknown}
 n - a scroll of magic mapping {unknown}


   Skills:
 + Level 1.9 Fighting
 + Level 3.1 Dodging
 + Level 2.4 Stealth
 * Level 3.3 Spellcasting


You knew the following spells:

 Your Spells              Type           Power      Damage    Failure   Level
a - Magic Dart            Conj           56%        1d5       4%          1
b - Call Imp              Summ           28%        N/A       6%          2
c - Mephitic Cloud        Conj/Pois/Air  14%        N/A       13%         3
d - Slow                  Hex            56%        N/A       4%          1
e - Blink                 Tloc           28%        N/A       6%          2
f - Sandblast             Erth           28%        2d8       4%          1
g - Momentum Strike       Conj/Tloc      28%        3d8       6%          2
Your spell library was empty.

Dungeon Overview and Level Annotations

Branches:
Dungeon (3/15)

Altars:
Okawaru
The Shining One

Annotations:
D:3 Robin


Innate Abilities, Weirdness & Mutations

You are immune to sickness and miasma.
You are immune to poison.
Your flesh is very heat resistant. (rF++)
You are vulnerable to cold. (rC-)
You float through the air rather than walking.
You learn spells naturally, not from books.
Your magical power is your life essence.
You have superior vitality. (+4 MHP)


Message History

The goblin hits you but does no damage.
You closely miss the goblin. The goblin hits you but does no damage.
The goblin misses you. The goblin barely misses you.
The goblin closely misses you.
You hit the goblin. Your punch misses the goblin.
The goblin is moderately wounded.
The goblin hits you but does no damage. The goblin closely misses you.
The goblin barely misses you. The goblin closely misses you.
You closely miss the goblin.
The goblin is moderately wounded.
The goblin misses you. The goblin hits you but does no damage.
The goblin hits you with a +0 dagger. Robin throws the goblin at you!
The goblin hits you with a +0 club.
* * * LOW HITPOINT WARNING * * *
Really fly into a travel-excluded area?
The goblin attacks as you move away! The goblin barely misses you. x2
It was a potion of attraction.
You feel attractive to monsters. The goblin hits you but does no damage.
The goblin barely misses you. The goblin hits you but does no damage.
It was a potion of resistance.
You feel protected.
The goblin no longer looks unusually strong.
The goblin hits you with a +0 dagger.
* * * LOW HITPOINT WARNING * * *
The goblin hits you with a +0 dagger.
* * * LOW HITPOINT WARNING * * *
The goblin completely misses you. The goblin closely misses you.
The goblin misses you.
It was a potion of might.
You feel very mighty all of a sudden. The goblin misses you.
The goblin hits you but does no damage. The goblin hits you with a +0 dagger.
* * * LOW HITPOINT WARNING * * *
The goblin hits you with a +0 dagger.
* * * LOW HITPOINT WARNING * * *
The goblin misses you.
You closely miss the goblin. The goblin closely misses you.
The goblin hits you with a +0 dagger.
You die...

#..####.#### #.....##
#..#.......# #...)...
#..#.##.##.# #......#
#..#.##.##.# ##...#.'
#...##########.##.# #§○°#
#.......... #§○§#
#####.#.).. #☼☼○#
###......#.
#######g@g#####..........
...○§○.ggg.§°○.##.##.#..#
...☼○§.)...§○§..#.##....#
##.§°☼.....○☼☼........[..
######...#######.##.##.#
#§☼°# #.......# #☼○§#
####)#### #○○§# #.....#


#gBg# #.....# You could see 5 goblins.

Vanquished Creatures
  An orc wizard (D:3)
  4 adders
  A dart slug (D:2)
  3 orcs (D:3)
  6 ball pythons
  6 bats
  3 endoplasms
  2 giant cockroaches (D:2)
  3 goblins
  6 hobgoblins
  6 jackals (D:2)
  4 kobolds
  2 quokkas
  2 frilled lizards (D:1)
  7 rats
56 creatures vanquished.

Vanquished Creatures (collateral kills)
  An endoplasm (D:1)
  A goblin (D:3)
  2 jackals (D:2)
  A kobold (D:1)
  A quokka (D:1)
  A bat (D:1)
7 creatures vanquished.

Vanquished Creatures (others)
  2 goblins (D:3)
  2 hobgoblins (D:3)
  A ball python (D:3)
5 creatures vanquished.

Grand Total: 68 creatures vanquished

Notes
Turn   | Place    | Note
-------+----------+-------------------------------------------
     0 | D:1      | PimpSugar the Djinni Hedge Wizard began the quest for the
                  | Orb.
     0 | D:1      | PimpSugar set off with the following spells memorised:
                  | Magic Dart, Slow, Blink, Call Imp, Mephitic Cloud.
     0 | D:1      | Reached XP level 1. HP: 15/15 MP: 0/0
    88 | D:1      | Reached XP level 2. HP: 21/22 MP: 0/0
   354 | D:1      | Reached XP level 3. HP: 25/26 MP: 0/0
   354 | D:1      | Learned a level 1 spell: Sandblast
   663 | D:1      | Reached skill level 1 in Fighting
  1048 | D:2      | Found an iron altar of Okawaru.
  1523 | D:2      | Reached XP level 4. HP: 31/32 MP: 0/0
  2381 | D:3      | Reached XP level 5. HP: 30/38 MP: 0/0
  2381 | D:3      | Learned a level 2 spell: Momentum Strike
  2623 | D:3      | Found a glowing golden altar of the Shining One.
  2665 | D:3      | Noticed Robin
  2681 | D:3      | HP: 1/38 [goblin/+0 dagger[Robin] (5)]
  2682 | D:3      | Slain by a goblin

Illustrated notes

Levels and vault maps discovered:
D:1:      onia_arrival_handbag, layout_basic
D:2:      layout_basic, basic_altar, minmay_misc_feat_five,
          kennysheep_flooded_box
D:3:      layout_loops_cross, mainiacjoe_overflow_surrounded_room, serial_shops,
          nicolae_shop_rolling_square, chequers_serial_rivers_micro_d,
          hangedman_decor_clover_reticule, lemuel_flame_loot_1, uniq_robin,
          uniq_crazy_yiuf_cottage

Skill      XL: |  1  2  3  4 |
---------------+-------------+-----
Fighting       | 1 |  1.9
Stealth        | 2 |  2.4
Spellcasting   | 3 |  3.3
Dodging        | 3 |  3.1

Action                     |  1- 3 |  4- 6 || total
---------------------------+-------+-------++-------
  Melee: Dagger            |   106 |    29 ||   135
   Cast: Magic Dart        |    15 |     6 ||    21
         Call Imp          |     5 |     2 ||     7
         Sandblast         |    17 |    35 ||    52
         Blink             |     1 |     1 ||     2
         Slow              |       |     2 ||     2
         Momentum Strike   |       |     1 ||     1
    Use: Potion            |     1 |     3 ||     4
         Scroll            |     1 |       ||     1
   Stab: Sleeping          |     4 |       ||     4
         Distracted        |     1 |       ||     1
 Armour: Robe              |    63 |    25 ||    88
  Dodge: Dodged            |   129 |    41 ||   170

Table legend: (Time is in decaauts)
 A = Elapsed time spent in this place.
 B = Non-inter-level travel time spent in this place.
 C = Inter-level travel time spent in this place.
 D = Time resting spent in this place.
 E = Time spent auto-exploring this place.
 F = Levels seen in this place.
 G = Mean time per level.
                   A        B        C        D        E       F      G
               +--------+--------+--------+--------+--------+-----+--------+
         Total |   2705 |   2180 |    525 |    105 |   1305 |   3 |  901.7 |
       Dungeon |   2705 |   2180 |    525 |    105 |   1305 |   3 |  901.7 |
               +--------+--------+--------+--------+--------+-----+--------+

Top non-repeatable levels by time:
     D:2: 1225 daAuts
     D:1: 996 daAuts
     D:3: 483 daAuts
